SA
CHICAGO TULA @ PUT-IN-BAY BC
07/12/2026
 
TOP OF THE 1ST
Chicago Tula batting - Pitching for Put-In-Bay BC : RHP Felipe Pereira
Pitching: RHP Felipe Pereira
Batting: RHB Alberto Esquivel 0-0: Called Strike
0-1: Foul Ball, location: 2F
0-2: Ball
1-2: Ground out 6-3 (Groundball, 6)
Batting: RHB Micheal Lovell 0-0: Called Strike
0-1: Swinging Strike
0-2: Ball
1-2: SINGLE (Line Drive, 8RS)
Batting: RHB Juan Chávez 0-0: Called Strike
0-1: Swinging Strike
0-2: Grounds into double play, 4-6-3 (Groundball, 4)
Top of the 1st over - 0 run(s), 1 hit(s), 0 error(s), 0 left on base; Chicago 0 - Put-In-Bay 0
BOTTOM OF THE 1ST
Put-In-Bay BC batting - Pitching for Chicago Tula : RHP Kenny Makris
Pitching: RHP Kenny Makris
Batting: LHB Tural Bishara 0-0: Fly out, F9 (Flyball, 9S)
Batting: RHB Manuel Rosales 0-0: Ball
1-0: SINGLE (Line Drive, 7S)
Batting: RHB Steve Koch 0-0: Ball
1-0: Foul Ball, location: 2F
1-1: Ball
2-1: SINGLE (Groundball, 34D)
Manuel Rosales to second
Runner from 2nd tries for 3rd, SAFE, no throw
Batting: RHB Peter Heard 0-0: Fly out, F9 (Flyball, 9LSF)
Runner from 3rd tags up, SCORES, no throw
Batting: SHB Norm Singletary 0-0: Swinging Strike
0-1: Ball
Pickoff Throw to First - Error! E1
Steve Koch to second
1-1: Ball
2-1: Foul Ball, location: 2F
2-2: Foul Ball, location: 2F
2-2: Fly out, F8 (Line Drive, 89D)
Bottom of the 1st over - 1 run(s), 2 hit(s), 1 error(s), 1 left on base; Chicago 0 - Put-In-Bay 1
TOP OF THE 2ND
Chicago Tula batting - Pitching for Put-In-Bay BC : RHP Felipe Pereira
Batting: RHB Júlio Vargas 0-0: Swinging Strike
0-1: Foul Ball, location: 2F
0-2: Ball
1-2: Ball
2-2: Ball
3-2: Strikes out swinging
Batting: RHB Arturo Scantlebury 0-0: Foul Ball, location: 2F
0-1: Ball
1-1: SINGLE (Line Drive, 7S)
Batting: RHB Alejandro Pérez 0-0: Ball
1-0: Called Strike
1-1: Foul Ball, location: 2F
1-2: Foul Ball, location: 2F
1-2: Ball
2-2: Ball
3-2: Strikes out swinging
Batting: LHB Miguel Gazivoda 0-0: Foul Ball, location: 2F
0-1: Ball
1-1: Ground out U3 (Groundball, 34)
Top of the 2nd over - 0 run(s), 1 hit(s), 0 error(s), 1 left on base; Chicago 0 - Put-In-Bay 1
BOTTOM OF THE 2ND
Put-In-Bay BC batting - Pitching for Chicago Tula : RHP Kenny Makris
Batting: SHB Raul Cate 0-0: Called Strike
0-1: Ball
1-1: Foul Ball, location: 2F
1-2: Ball
2-2: Ball
3-2: Strikes out looking
Batting: SHB Júlio Pérez 0-0: Called Strike
0-1: Ball
1-1: Ball
2-1: Ball
3-1: Called Strike
3-2: Ground out 6-3 (Groundball, 6)
Batting: LHB Francisco Alfaro 0-0: Ball
1-0: Called Strike
1-1: Ball
2-1: Ball
3-1: Called Strike
3-2: Foul Ball, location: 2F
3-2: Strikes out swinging
Bottom of the 2nd over - 0 run(s), 0 hit(s), 0 error(s), 0 left on base; Chicago 0 - Put-In-Bay 1
TOP OF THE 3RD
Chicago Tula batting - Pitching for Put-In-Bay BC : RHP Felipe Pereira
Batting: RHB Zahid Kashani 0-0: Called Strike
0-1: TRIPLE (Flyball, 8RD)
Batting: LHB César Gonzáles 0-0: Called Strike
0-1: Ball
1-1: Ball
2-1: Foul Ball, location: 2F
2-2: Strikes out looking
Batting: RHB Alberto Esquivel 0-0: Foul Ball, location: 2F
0-1: Ball
1-1: Ball
2-1: Swinging Strike
2-2: Ball
3-2: Strikes out swinging
Batting: RHB Micheal Lovell 0-0: Called Strike
0-1: Swinging Strike
0-2: Strikes out looking
Top of the 3rd over - 0 run(s), 1 hit(s), 0 error(s), 1 left on base; Chicago 0 - Put-In-Bay 1
BOTTOM OF THE 3RD
Put-In-Bay BC batting - Pitching for Chicago Tula : RHP Kenny Makris
Batting: RHB Ryan French 0-0: Ground out 4-3 (Groundball, 4)
Batting: LHB Tural Bishara 0-0: Ball
1-0: Ground out 1-3 (Groundball, 13)
Batting: RHB Manuel Rosales 0-0: Ball
1-0: SINGLE (Groundball, 34D)
Batting: RHB Steve Koch 0-0: Ball
Pickoff Throw to First - Error! E1
Manuel Rosales to second
1-0: Ball
2-0: Swinging Strike
2-1: Ground out 6-3 (Groundball, 6)
Bottom of the 3rd over - 0 run(s), 1 hit(s), 1 error(s), 1 left on base; Chicago 0 - Put-In-Bay 1
TOP OF THE 4TH
Chicago Tula batting - Pitching for Put-In-Bay BC : RHP Felipe Pereira
Batting: RHB Juan Chávez 0-0: Swinging Strike
0-1: SINGLE (Groundball, 34D)
Batting: RHB Júlio Vargas 0-0: Swinging Strike
0-1: Ball
1-1: Foul Ball, location: 2F
1-2: Foul Ball, location: 2F
1-2: Fly out, F5 (Popup, 5D)
Batting: RHB Arturo Scantlebury 0-0: SINGLE (Line Drive, 6D)
Juan Chávez to second
Batting: RHB Alejandro Pérez 0-0: Called Strike
0-1: Foul Ball, location: 2F
0-2: Fly out, F8 (Flyball, 8LM)
Batting: LHB Miguel Gazivoda 0-0: Ball
1-0: Fly out, F7 (Flyball, 78D)
Top of the 4th over - 0 run(s), 2 hit(s), 0 error(s), 2 left on base; Chicago 0 - Put-In-Bay 1
BOTTOM OF THE 4TH
Put-In-Bay BC batting - Pitching for Chicago Tula : RHP Kenny Makris
Batting: RHB Peter Heard 0-0: Called Strike
0-1: Foul Ball, location: 2F
0-2: Ball
1-2: Foul Ball, location: 2F
1-2: Ball
2-2: Strikes out swinging
Batting: SHB Norm Singletary 0-0: Foul Ball, location: 2F
0-1: Foul Ball, location: 2F
0-2: Ball
1-2: Strikes out swinging
Batting: SHB Raul Cate 0-0: Ball
1-0: Foul Ball, location: 2F
1-1: Ground out U3 (Groundball, 34)
Bottom of the 4th over - 0 run(s), 0 hit(s), 0 error(s), 0 left on base; Chicago 0 - Put-In-Bay 1
TOP OF THE 5TH
Chicago Tula batting - Pitching for Put-In-Bay BC : RHP Felipe Pereira
Batting: RHB Zahid Kashani 0-0: Ball
1-0: Called Strike
1-1: Called Strike
1-2: Foul Ball, location: 2F
1-2: Foul Ball, location: 2F
1-2: Ball
2-2: Ball
3-2: Base on Balls
Batting: LHB César Gonzáles 0-0: Bunted foul
0-1: Bunted foul
0-2: Ball
1-2: Ball
2-2: Foul Ball, location: 2F
2-2: Ball
3-2: Base on Balls
Zahid Kashani to second
Batting: RHB Alberto Esquivel 0-0: Foul Ball, location: 2F
0-1: Ball
1-1: Ball
2-1: Swinging Strike
2-2: Strikes out looking
Batting: RHB Micheal Lovell 0-0: Ground out U3 (Groundball, 34S)
Zahid Kashani to third
César Gonzáles to second
Batting: RHB Juan Chávez 0-0: Ball
1-0: Swinging Strike
1-1: Ball
2-1: Swinging Strike
2-2: Strikes out swinging
Top of the 5th over - 0 run(s), 0 hit(s), 0 error(s), 2 left on base; Chicago 0 - Put-In-Bay 1
BOTTOM OF THE 5TH
Put-In-Bay BC batting - Pitching for Chicago Tula : RHP Kenny Makris
Batting: SHB Júlio Pérez 0-0: Ball
1-0: Called Strike
1-1: Ball
2-1: Foul Ball, location: 2F
2-2: Ground out 6-3 (Groundball, 6S)
Batting: LHB Francisco Alfaro 0-0: Called Strike
0-1: Foul Ball, location: 2F
0-2: Ground out 4-3 (Groundball, 4)
Batting: RHB Ryan French 0-0: Foul Ball, location: 2F
0-1: Ground out 6-3 (Groundball, 6)
Bottom of the 5th over - 0 run(s), 0 hit(s), 0 error(s), 0 left on base; Chicago 0 - Put-In-Bay 1
TOP OF THE 6TH
Chicago Tula batting - Pitching for Put-In-Bay BC : RHP Felipe Pereira
Batting: RHB Júlio Vargas 0-0: Called Strike
0-1: Ball
1-1: Foul Ball, location: 2F
1-2: Strikes out swinging
Batting: RHB Arturo Scantlebury 0-0: Fly out, F4 (Line Drive, 4)
Batting: RHB Alejandro Pérez 0-0: Foul Ball, location: 2F
0-1: Called Strike
0-2: Foul Ball, location: 2F
0-2: Ball
1-2: Ball
2-2: Ball
3-2: Strikes out looking
Top of the 6th over - 0 run(s), 0 hit(s), 0 error(s), 0 left on base; Chicago 0 - Put-In-Bay 1
BOTTOM OF THE 6TH
Put-In-Bay BC batting - Pitching for Chicago Tula : RHP Kenny Makris
Batting: LHB Tural Bishara 0-0: Swinging Strike
0-1: Ball
1-1: Called Strike
1-2: Ball
2-2: Strikes out swinging
Batting: RHB Manuel Rosales 0-0: Ball
1-0: Swinging Strike
1-1: Ball
2-1: Ground out 3-1 (Groundball, 34)
Batting: RHB Steve Koch 0-0: Called Strike
0-1: Foul Ball, location: 2F
0-2: Ball
1-2: Strikes out looking
Bottom of the 6th over - 0 run(s), 0 hit(s), 0 error(s), 0 left on base; Chicago 0 - Put-In-Bay 1
TOP OF THE 7TH
Chicago Tula batting - Pitching for Put-In-Bay BC : RHP Felipe Pereira
Batting: LHB Miguel Gazivoda 0-0: Foul Ball, location: 2F
0-1: Called Strike
0-2: Strikes out swinging
Batting: RHB Zahid Kashani 0-0: Fly out, F7 (Flyball, 78S)
Batting: LHB César Gonzáles 0-0: Ball
1-0: Foul Ball, location: 2F
1-1: Swinging Strike
1-2: Foul Ball, location: 2F
1-2: Strikes out looking
Top of the 7th over - 0 run(s), 0 hit(s), 0 error(s), 0 left on base; Chicago 0 - Put-In-Bay 1
BOTTOM OF THE 7TH
Put-In-Bay BC batting - Pitching for Chicago Tula : RHP Kenny Makris
Batting: RHB Peter Heard 0-0: Ball
1-0: Ball
2-0: Single, Error in OF, E7, batter to second base
Batting: SHB Norm Singletary 0-0: Intentional Walk
Batting: SHB Raul Cate 0-0: Foul Ball, location: 2F
0-1: Ball
1-1: Foul Ball, location: 2F
1-2: Foul Ball, location: 2F
1-2: Ball
2-2: Hit by Pitch
Peter Heard to third
Norm Singletary to second
Pinch Hitting: SHB Jim Unknown 0-0: Called Strike
0-1: Ball
1-1: Ball
2-1: Fly out, F8 (Flyball, 78D)
Runner from 3rd tags up, SCORES, no throw
Batting: LHB Francisco Alfaro 0-0: SINGLE (Groundball, 4MD)
Norm Singletary to third
Raul Cate to second
Runner from 3rd tries for Home, throw and OUT!
Raul Cate to third
Francisco Alfaro to second
Batting: RHB Ryan French 0-0: Ball
1-0: Foul Ball, location: 2F
1-1: Ball
2-1: Called Strike
2-2: Strikes out swinging
Bottom of the 7th over - 1 run(s), 2 hit(s), 1 error(s), 2 left on base; Chicago 0 - Put-In-Bay 2
TOP OF THE 8TH
Chicago Tula batting - Pitching for Put-In-Bay BC : RHP Felipe Pereira
Now at 1B: Jim Unknown
Batting: RHB Alberto Esquivel 0-0: TRIPLE (Flyball, 89XD)
Batting: RHB Micheal Lovell 0-0: Ball
1-0: Foul Ball, location: 2F
1-1: Ground out 5-3 (Groundball, 56)
Alberto Esquivel scores
Batting: RHB Juan Chávez 0-0: Ball
1-0: Called Strike
1-1: Foul Ball, location: 2F
1-2: TRIPLE (Flyball, 8LXD)
Pinch Hitting: LHB Dana Waldrip 0-0: Called Strike
0-1: Ball
1-1: Called Strike
1-2: Strikes out swinging
Pinch Hitting: RHB Apu Nahasapeemapetilon 0-0: Ball
1-0: Ball
2-0: Foul Ball, location: 2F
2-1: Swinging Strike
2-2: Strikes out swinging
Top of the 8th over - 1 run(s), 2 hit(s), 0 error(s), 1 left on base; Chicago 1 - Put-In-Bay 2
BOTTOM OF THE 8TH
Put-In-Bay BC batting - Pitching for Chicago Tula : RHP Kenny Makris
Pitching: RHP Howard Vidaurri
Now at C: Apu Nahasapeemapetilon
Now in RF: Marcus Larson
Batting: LHB Tural Bishara 0-0: SINGLE (Line Drive, 89S)
Batting: RHB Manuel Rosales 0-0: Sac Bunt - play at first, batter OUT! 1-4
Tural Bishara to second
Batting: RHB Steve Koch 0-0: Intentional Walk
Batting: RHB Peter Heard 0-0: Called Strike
Tural Bishara is caught stealing 3rd base
Steve Koch to second
0-1: Called Strike
0-2: Fly out, F2 (Popup, 15S)
Bottom of the 8th over - 0 run(s), 1 hit(s), 0 error(s), 1 left on base; Chicago 1 - Put-In-Bay 2
TOP OF THE 9TH
Chicago Tula batting - Pitching for Put-In-Bay BC : RHP Felipe Pereira
Pitching: RHP Garrett Harrington
Batting: RHB Alejandro Pérez 0-0: Ball
1-0: Fly out, F9 (Flyball, 89S)
Batting: LHB Miguel Gazivoda 0-0: Called Strike
0-1: Ball
1-1: Called Strike
1-2: Ball
2-2: Foul Ball, location: 2F
2-2: Ball
3-2: Strikes out looking
Pinch Hitting: RHB José Olvera 0-0: Foul Ball, location: 2F
0-1: Swinging Strike
0-2: Foul Ball, location: 2F
0-2: Ball
1-2: Ball
2-2: Strikes out swinging
Top of the 9th over - 0 run(s), 0 hit(s), 0 error(s), 0 left on base; Chicago 1 - Put-In-Bay 2
Monday, March 20th, 2017 - OOTP Baseball 17.12 Build 75